 Dungeon Crawl Stone Soup version 0.17.0-23-g0de4337 (webtiles) character file.

932 HaroldButt the Changer (level 8, 0/48 HPs)
             Began as an Octopode Transmuter on Nov 13, 2015.
             Slain by an ice beast (2 damage)
             ... on level 4 of the Dungeon.
             The game lasted 00:13:01 (5587 turns).

HaroldButt the Changer (Octopode Transmuter)        Turns: 5587, Time: 00:13:02

Health: 0/48       AC:  1    Str:  9    XL:     8   Next: 11%
Magic:  12/12      EV: 12    Int: 16    God:
Gold:   228        SH:  0    Dex: 14    Spells: 4 memorised, 3 levels left

rFire  x . .     SeeInvis .       - Unarmed
rCold  + . .     Clarity  .     (no shield)
rNeg   . . .     SustAt   .     (helmet restricted)
rPois  .         Gourm    .     (no amulet)
rElec  .         Spirit   .     m - ring of ice
rCorr  .         Warding  .     (no ring)
rMut   .         Stasis   .     (no ring)
MR     .....                    (no ring)
Stlth  ++++......               (no ring)
                                (no ring)
                                (no ring)
                                (no ring)

@: not resistant to hostile enchantments, stealthy
A: almost no armour, amphibious, 8 rings, constrict 8, camouflage 1, gelatinous
body 1
a: no special abilities


You were on level 4 of the Dungeon.
You were not hungry.

You visited 1 branch of the dungeon, and saw 5 of its levels.

You collected 228 gold pieces.

Inventory:

Missiles
 a - 51 arrows
Jewellery
 m - a ring of ice (left tentacle)
Wands
 g - a wand of polymorph (6)
Scrolls
 e - 2 scrolls of remove curse
 l - a scroll of identify
 o - a scroll of teleportation
Potions
 d - 4 potions of curing
 i - 2 potions of might
 k - a potion of degeneration {unknown}
 n - 2 potions of poison {unknown}
 q - a potion of magic {unknown}
Books
 b - a book of Changes

   Spells                             Type                      Level
   a - Beastly Appendage              Transmutation                1
   b - Sticks to Snakes               Transmutation                2
   c - Spider Form                    Transmutation/Poison         3
   d - Ice Form                       Ice/Transmutation            4
   e - Blade Hands                    Transmutation                5
Comestibles
 c - 3 bread rations
 f - a fruit
 j - a royal jelly
 p - a slice of pizza
 r - 2 meat rations


   Skills:
 - Level 1.0 Fighting
 - Level 2.0 Dodging
 - Level 5.6 Stealth
 - Level 5.4 Unarmed Combat
 + Level 3.0 Spellcasting
 + Level 6.0 Transmutations
 + Level 0.0 Ice Magic
 - Level 1.6 Poison Magic


You had 3 spell levels left.
You knew the following spells:

 Your Spells              Type           Power        Failure   Level  Hunger
a - Beastly Appendage     Trmt           ###...       1%          1    #......
b - Sticks to Snakes      Trmt           ###.......   2%          2    ##.....
c - Spider Form           Trmt/Pois      ##........   12%         3    ###....
d - Ice Form              Ice/Trmt       ###.....     63%         4    #####..


Dungeon Overview and Level Annotations

Branches:
Dungeon (5/15)
 Temple: D:4-7

Altars:
Zin


Innate Abilities, Weirdness & Mutations

You cannot wear most types of armour.
You are amphibious.
You can wear up to eight rings at the same time.
You can use your tentacles to constrict eight enemies at once.
Your skin changes colour to match your surroundings (Stealth).
Your rubbery body absorbs attacks (AC +1).


Message History

You tentacle-slap the ice beast.
The ice beast is severely wounded.
The ice beast hits you. The ice beast freezes you. You resist.
* * * LOW HITPOINT WARNING * * *
You tentacle-slap the ice beast but do no damage.
The ice beast is severely wounded.
The ice beast barely misses you.
You closely miss the ice beast.
The ice beast is severely wounded.
You barely miss the ice beast.
The ice beast is severely wounded.
The ice beast hits you.
* * * LOW HITPOINT WARNING * * *
The ice beast freezes you. You resist.
* * * LOW HITPOINT WARNING * * *
Items here: )))) [[[ The ice beast hits you.
* * * LOW HITPOINT WARNING * * *
The ice beast freezes you. You resist.
You die...

# #.# #### #.###### ...#
#......# ##.## #.####.#
#...## #.# #.# .....##
#.####.######
......######...[.....).#
............<###...###.#
..>..........[.Y@..# #.#
.....###########...#
#.#### #....# #####
#.##.## ##.#.# #.#[#.##
#.#.# #..###.## #.#.#
#....##.# #.#.#####
##.#.#.## #.......####
##...## #.#........#
##.##


You could see an ice beast.

Vanquished Creatures
  Grinder (D:3)
  An ice beast (D:5)
  A black bear (D:3)
  2 orc wizards
  A centaur skeleton (D:4)
  An orc priest (D:4)
  Ijyb (D:2)
  4 worker ants (D:4)
  A hound skeleton (D:4)
  19 adders
  A shadow imp (D:4)
  An ooze (D:3)
  5 worms
  4 giant geckos
  15 orcs
  5 ball pythons (D:4)
  4 giant cockroaches
  10 hobgoblins
  6 jackals
  4 kobolds (D:3)
  A quokka (D:3)
  3 bats (D:3)
  7 giant newts
  5 goblins
  A jackal skeleton (D:5)
  6 rats
110 creatures vanquished.

Notes
Turn   | Place    | Note
--------------------------------------------------------------
     0 | D:1      | HaroldButt the Octopode Transmuter began the quest for the Orb.
     0 | D:1      | Reached XP level 1. HP: 13/13 MP: 3/3
   468 | D:2      | Reached skill level 1 in Stealth
   468 | D:2      | Reached XP level 2. HP: 9/18 MP: 5/5
  1264 | D:2      | Reached XP level 3. HP: 17/23 MP: 6/6
  1442 | D:2      | Reached skill level 4 in Stealth
  1854 | D:2      | Reached XP level 4. HP: 17/28 MP: 7/7
  2035 | D:2      | Learned a level 2 spell: Sticks to Snakes
  2039 | D:2      | Learned a level 3 spell: Spider Form
  2076 | D:2      | Noticed Ijyb
  2092 | D:2      | Killed Ijyb
  2092 | D:2      | Reached skill level 5 in Stealth
  2245 | D:3      | Noticed Grinder
  2252 | D:3      | Paralysed by Grinder for 5 turns
  2268 | D:3      | Killed Grinder
  2268 | D:3      | Reached skill level 5 in Unarmed Combat
  2268 | D:3      | Reached XP level 5. HP: 5/33 MP: 8/8
  2268 | D:3      | Reached XP level 6. HP: 5/38 MP: 9/9
  3429 | D:3      | Noticed a black bear
  3436 | D:3      | Killed a black bear
  3436 | D:3      | Reached XP level 7. HP: 27/43 MP: 3/10
  3932 | D:4      | Reached skill level 5 in Transmutations
  4308 | D:4      | Found a glowing silver altar of Zin.
  4706 | D:4      | Reached skill level 1 in Poison Magic
  5215 | D:5      | Entered Level 5 of the Dungeon
  5231 | D:5      | Reached XP level 8. HP: 4/48 MP: 10/12
  5362 | D:4      | Reached skill level 6 in Transmutations
  5382 | D:4      | Learned a level 4 spell: Ice Form
  5587 | D:4      | HP: 2/48 [ice beast (3)]
  5587 | D:4      | Slain by an ice beast

Action                   |  1- 3 |  4- 6 |  7- 9 || total
-------------------------+-------+-------+-------++-------
Melee: Unarmed           |    71 |   122 |   149 ||   342
 Cast: Sticks to Snakes  |       |     1 |       ||     1
  Use: Scroll            |     5 |     3 |       ||     8
       Potion            |     1 |     1 |       ||     2
 Stab: Sleeping          |     7 |    14 |    17 ||    38
  Eat: Chunk             |     2 |     6 |     7 ||    15
